Map: Moondance

Players

Scarlett

  • Race: Zerg Zerg
  • Spawn Location: 6:00

Geralt (Gerald) - Winner!

  • Race: Protoss Protoss
  • League: Master
  • Spawn Location: 12:00

Event: HomeStory Cup XXII

VOD

Have the link to the VOD?

Description

Time

  • Played on: Dec. 17, 2022, 8:26 a.m.
  • Length: 14:05

All games in this series

Show
View Real Time Build Order
Export as new Build Order

Scarlett Zerg 

Build Orders: Pool First, Swarm Host 

Get SALT Encoding   

  12  0:00  Drone  
  13  0:12  Overlord  
  13  0:17  Drone  
  14  0:30  Drone x2  
  16  0:41  Spawning Pool  
  15  0:44  Drone  
  15  0:49  Drone  
  17  1:09  Hatchery  
  16  1:13  Drone  
  16  1:14  Extractor  
  16  1:20  Drone  
  17  1:28  Zergling x2  
  17  1:30  Queen  
  20  1:35  Drone  
  21  1:42  Overlord  
  21  1:52  Drone  
  22  2:01  Drone  
  22  2:06  Queen  
  25  2:13  Drone  
  26  2:18  Metabolic Boost  
  26  2:20  Drone  
  27  2:32  Hatchery, Zergling x2  
  27  2:41  Drone  
  30  2:45  Queen  
  30  2:48  Drone x2  
  32  2:53  Overlord  
  32  2:57  Drone  
  33  3:00  Zergling x2  
  33  3:01  Zergling x2  
  33  3:03  Zergling x2  
  36  3:13  Queen, Drone x2  
  36  3:19  Drone x2  
  42  3:22  Overlord  
  42  3:29  Drone x2  
  44  3:39  Queen  
  46  3:43  Drone x3  
  46  3:45  Drone x2  
  51  3:50  Drone x4  
  51  3:55  Queen  
  56  4:01  Drone  
  56  4:03  Spore Crawler  
  56  4:04  Overlord  
  56  4:05  Drone  
  56  4:06  Drone  
  57  4:10  Overlord  
  57  4:17  Overlord x2  
  57  4:23  Drone  
  57  4:24  Roach Warren, Drone x2  
  60  4:30  Overlord  
  59  4:32  Zergling x2  
  59  4:33  Zergling x6  
  59  4:34  Zergling x2  
  59  4:37  Zergling x4  
  66  4:45  Zergling x10  
  70  4:48  Spore Crawler  
  70  4:50  Spore Crawler  
  68  4:55  Lair  
  68  4:58  Drone x5  
  73  5:00  Extractor  
  73  5:02  Extractor  
  73  5:07  Drone x3  
  74  5:15  Drone x5  
  77  5:29  Drone x3  
  77  5:30  Drone x4  
  77  5:35  Evolution Chamber, Extractor  
  83  5:39  Drone x6  
  88  5:43  Overlord  
  88  5:48  Overlord, Hatchery, Drone x2  
  89  5:52  Extractor  
  89  5:54  Roach x2  
  92  5:58  Glial Reconstitution  
  92  6:00  Roach x3  
  92  6:02  Extractor  
  92  6:03  Zerg Missile Weapons Level 1  
  97  6:09  Drone  
  97  6:10  Drone x3  
  97  6:11  Roach x2  
  105  6:14  Overseer  
  105  6:19  Overlord x4  
  105  6:25  Infestation Pit  
  104  6:26  Roach  
  106  6:33  Overlord x3  
  106  6:38  Roach x4  
  124  6:47  Roach x5  
  122  7:10  Overlord  
  122  7:11  Swarm Host x8  
  122  7:14  Overlord x3  
  146  7:18  Roach x2  
  150  7:23  Roach x3, Zergling x2  
  150  7:29  Roach x3  
  161  7:39  Swarm Host x3  
  170  7:46  Swarm Host x2  
  176  7:56  Drone x12  
  181  8:08  Drone x7, Hive  
  181  8:10  Spore Crawler  
  181  8:11  Spine Crawler  
  186  8:19  Zerg Missile Weapons Level 2, Drone  
  187  8:22  Nydus Network  
  187  8:25  Spine Crawler  
  187  8:26  Zergling x14  
  191  8:37  Zergling x14  
  191  8:39  Spine Crawler  
  197  8:41  Spine Crawler  
  194  8:54  Roach x3  
  197  8:59  Overlord x2  
  194  9:07  Spine Crawler x2  
  194  9:08  Nydus Canal  
  192  9:13  Overlord x2  
  192  9:18  Extractor  
  192  9:23  Viper x3  
  200  9:27  Hatchery  
  196  9:35  Zergling x12  
  196  9:36  Adrenal Glands  
  198  9:42  Evolution Chamber, Nydus Canal  
  195  9:52  Spire  
  194  9:56  Drone x3  
  194  9:57  Drone x3  
  194  9:59  Nydus Canal  
  200  10:12  Spine Crawler  
  200  10:13  Spine Crawler x2  
  200  10:14  Spine Crawler  
  196  10:19  Nydus Canal  
  176  10:31  Roach x4  
  176  10:32  Roach x8  
  194  10:38  Roach x2, Zergling x2  
  194  10:42  Zerg Missile Weapons Level 3, Zerg Melee Weapons Level 1  
  199  10:45  Nydus Canal  
  199  10:54  Overseer, Pneumatized Carapace  
  198  11:04  Baneling Nest  
  197  11:14  Zergling x10  
  192  11:22  Roach x5, Zergling x18  
  193  11:27  Zergling x18  
  193  11:30  Greater Spire  
  197  11:50  Nydus Canal  
  197  11:55  Zergling x2  
  197  11:56  Zergling x4  
  194  12:02  Zergling x12  
  194  12:08  Nydus Canal  
  182  12:12  Roach x12  
  198  12:16  Roach  
  198  12:26  Roach x5, Zergling x4  
  198  12:27  Zergling x2  
  175  12:37  Roach  
  175  12:38  Hatchery, Roach x6  
  182  12:45  Roach x5  
  179  12:55  Zergling x4  
  181  13:04  Drone  
  182  13:10  Nydus Canal  
  182  13:11  Corruptor x6  
  194  13:13  Zergling x2  
  194  13:14  Zergling x6  
  198  13:22  Hatchery  
  196  13:28  Corruptor x4  
  197  13:34  Zergling x6  
  173  13:48  Zergling x10  
  157  13:53  Nydus Canal  
Show
View Real Time Build Order
Export as new Build Order

Geralt Protoss - Winner!

Build Orders: 1 Gate Expand, Zealot Archon, Archon Drop, Dark Templar Rush 

Get SALT Encoding   

  12  0:00  Probe  
  13  0:12  Probe  
  14  0:19  Pylon  
  14  0:24  Probe  
  15  0:37  Probe (Chrono Boost)  
  15  0:41  Gateway  
  16  0:46  Probe (Chrono Boost)  
  16  0:49  Assimilator  
  17  0:53  Probe  
  18  1:05  Probe  
  19  1:23  Probe  
  20  1:28  Cybernetics Core  
  20  1:35  Probe  
  21  1:40  Nexus  
  21  1:48  Assimilator  
  21  1:49  Probe  
  22  1:55  Pylon  
  22  2:08  Probe  
  23  2:13  Shield Battery, Adept (Chrono Boost)  
  25  2:20  Probe  
  26  2:26  Twilight Council  
  26  2:29  Warp Gate  
  25  2:39  Stalker (Chrono Boost)  
  25  2:40  Probe  
  28  2:48  Shield Battery  
  28  2:53  Probe x2  
  30  3:05  Probe x2  
  31  3:09  Robotics Facility  
  32  3:15  Adept  
  32  3:17  Probe (Chrono Boost)  
  32  3:18  Probe (Chrono Boost)  
  37  3:29  Probe x2 (Chrono Boost)  
  37  3:30  Dark Shrine  
  37  3:34  Probe x2 (Chrono Boost)  
  38  3:40  Pylon  
  40  3:43  Probe  
  40  3:44  Probe  
  43  3:55  Probe  
  43  3:56  Probe  
  43  3:59  Warp Prism (Chrono Boost)  
  44  4:07  Probe, Gateway  
  44  4:08  Probe  
  48  4:14  Assimilator  
  48  4:16  Pylon  
  48  4:18  Assimilator  
  48  4:19  Probe  
  48  4:21  Adept  
  48  4:24  Probe  
  52  4:34  Nexus  
  52  4:35  Probe  
  52  4:36  Probe  
  54  4:47  Probe  
  54  4:49  Pylon  
  54  4:51  Probe  
  57  5:00  Probe  
  57  5:03  Dark Templar x2  
  57  5:04  Probe  
  57  5:06  Robotics Bay, Blink  
  62  5:11  Observer  
  62  5:12  Probe  
  64  5:16  Probe  
  65  5:24  Probe  
  61  5:28  Probe  
  61  5:34  Forge, Gateway  
  61  5:35  Gateway  
  61  5:36  Probe  
  61  5:37  Assimilator  
  61  5:40  Probe  
  63  5:43  Dark Templar x2  
  63  5:46  Probe  
  63  5:48  Probe, Archon, Pylon  
  69  5:50  Disruptor (Chrono Boost)  
  69  5:52  Archon  
  69  5:55  Probe  
  69  5:56  Pylon  
  73  6:02  Probe  
  73  6:03  Gravitic Drive  
  74  6:14  Probe x2  
  74  6:16  Gateway x2  
  76  6:21  Gateway  
  76  6:24  Probe  
  77  6:28  Probe, Stalker x2  
  77  6:30  Gateway  
  77  6:32  Gateway  
  82  6:33  Disruptor (Chrono Boost), Protoss Ground Weapons Level 1  
  82  6:34  Gateway  
  85  6:46  Dark Templar x2  
  89  6:57  Nexus  
  89  6:58  Pylon  
  89  7:09  Stalker x2  
  89  7:11  Probe  
  89  7:14  Pylon  
  94  7:16  Stalker x2  
  94  7:17  Pylon  
  94  7:18  Pylon  
  94  7:19  Archon  
  94  7:21  Shield Battery  
  98  7:26  Stalker x3  
  98  7:27  Probe  
  105  7:30  Pylon  
  105  7:37  Stalker x2  
  105  7:41  Disruptor  
  112  7:55  Stalker x2  
  112  7:56  Stalker x2  
  120  8:07  Zealot x4  
  120  8:08  Probe  
  129  8:14  Disruptor (Chrono Boost)  
  129  8:15  Photon Cannon  
  129  8:16  Probe  
  129  8:17  Probe, Shield Battery  
  129  8:18  Gateway  
  134  8:20  Charge (Chrono Boost)  
  134  8:22  Probe  
  135  8:28  Probe  
  135  8:29  Assimilator  
  135  8:33  Assimilator, Protoss Ground Weapons Level 2 (Chrono Boost)  
  136  8:38  Pylon  
  136  8:41  Stalker x4  
  136  8:42  Disruptor (Chrono Boost)  
  136  8:46  Probe  
  143  9:06  Stalker  
  143  9:07  Stalker  
  147  9:10  Pylon  
  147  9:15  Disruptor (Chrono Boost)  
  147  9:16  Probe x2  
  152  9:17  Probe  
  153  9:26  Nexus  
  153  9:27  Pylon  
  147  9:42  Stalker  
  147  9:43  Stalker x9  
  147  9:44  Probe, Disruptor (Chrono Boost)  
  166  9:52  Stalker  
  169  10:06  Pylon  
  168  10:10  Pylon  
  168  10:11  Nexus, Pylon  
  168  10:12  Pylon  
  168  10:14  Disruptor (Chrono Boost)  
  168  10:15  Pylon  
  168  10:17  Pylon  
  165  10:21  Stalker x3  
  163  10:37  Stalker x6  
  163  10:40  Probe  
  171  10:45  Disruptor  
  166  10:51  Probe  
  166  10:52  Stalker x4  
  175  11:03  Probe (Chrono Boost)  
  176  11:04  Photon Cannon  
  176  11:05  Probe (Chrono Boost)  
  176  11:06  Protoss Ground Weapons Level 3  
  176  11:10  Pylon  
  176  11:11  Probe x2 (Chrono Boost)  
  179  11:15  Probe (Chrono Boost)  
  162  11:21  Disruptor  
  162  11:24  Stalker x5  
  167  11:30  Zealot  
  167  11:32  Probe x3  
  172  11:33  Probe  
  172  11:34  Probe  
  174  11:40  Zealot x3  
  176  11:50  Stalker x3  
  176  11:51  Zealot  
  184  11:56  Disruptor  
  167  12:10  Stalker x4  
  167  12:15  Probe x2 (Chrono Boost)  
  178  12:20  Probe (Chrono Boost), Templar Archives  
  174  12:24  Probe (Chrono Boost)  
  174  12:27  Stalker x7  
  160  12:52  Stalker x10  
  160  12:53  Stalker  
  182  13:07  Probe x2 (Chrono Boost)  
  182  13:08  Assimilator  
  182  13:10  Photon Cannon  
  187  13:13  Assimilator  
  187  13:15  Probe x2 (Chrono Boost)  
  187  13:16  Probe (Chrono Boost), Dark Templar  
  187  13:17  Dark Templar x2  
  187  13:18  Probe x2 (Chrono Boost)  
  195  13:27  Stalker x2  
  177  13:49  Stalker x3  
  177  13:50  Stalker x5  
Tags
 
Add a new tag
Caveats
  • Supply blocks, unpowered buildings, or Contaminate may cause inaccurate times.
  • Supply counts are checked every 10 seconds.